 Dungeon Crawl Stone Soup version 0.30.1-4-g462c640d31 (webtiles) character file.

Game seed: 12553010010248983347

68 Graphine the Grave Robber (level 4, 0/30 HPs)
             Began as a Human Necromancer on Sept 8, 2023.
             Slain by a gnoll
             ... wielding a +0 whip
              (4 damage)
             ... on level 3 of the Dungeon.
             The game lasted 00:07:26 (1934 turns).

Graphine the Grave Robber (Human Necromancer)       Turns: 1934, Time: 00:07:27

Health: 0/30       AC:  4    Str: 10    XL:     4   Next: 41%
Magic:  0/7        EV: 12    Int: 15    God:
Gold:   134        SH:  0    Dex: 14    Spells: 6/7 levels left

rFire   . . .        d - staff of earth
rCold   . . .        (no shield)
rNeg    + + .        a - +0 robe
rPois   +            (no helmet)
rElec   .            j - +1 cloak
rCorr   .            (no gloves)
SInv    .            (no boots)
Will    +....        (no amulet)
Stlth   ++           h - ring of Wisijoq {rPois rN++}
HPRegen 0.25/turn    k - ring of willpower
MPRegen 0.10/turn

%: no passive effects
@: no status effects
A: no striking features
a: no special abilities


You were on level 3 of the Dungeon.
You visited 1 branch of the dungeon, and saw 3 of its levels.

You collected 134 gold pieces.

Inventory:

Armour
 a - a +0 robe (worn)
 j - a +1 cloak (worn)
Magical Staves
 d - a staff of earth (weapon)
Jewellery
 h - the ring of Wisijoq (left hand) {rPois rN++}
   (You found it on level 3 of the Dungeon)

   [ring of poison resistance]

   rPois:     It protects you from poison.
   rN:        It greatly protects you from negative energy.
 i - a ring of fire
 k - a ring of willpower (right hand)
Scrolls
 f - a scroll of immolation {unknown}
 l - a scroll of enchant armour {unknown}
Potions
 b - 2 potions of magic
 c - a potion of flight
 e - a potion of curing
 g - a potion of ambrosia


   Skills:
 + Level 1.1 Staves
 + Level 2.5 Dodging
 - Level 2.0 Stealth
 + Level 2.3 Spellcasting
 * Level 4.6 Necromancy
 + Level 1.1 Evocations


You had 6 spell levels left.
You knew the following spells:

 Your Spells              Type           Power      Damage    Failure   Level
a - Necrotise             Necr           60%        1d7       3%          1

Your spell library contained the following spells:

 Spells                   Type           Power      Damage    Failure   Level
 Vampiric Draining        Necr           15%        2d7       10%         3
 Beastly Appendage        Tmut           2%         N/A       22%         1
 Poisonous Vapours        Pois/Air       2%         N/A       32%         2
 Wereblood                Tmut           1%         N/A       32%         2
 Animate Dead             Necr           15%        N/A       32%         4
 Mephitic Cloud           Conj/Pois/Air  1%         N/A       54%         3
 Spider Form              Tmut/Pois      1%         N/A       54%         3
 Agony                    Necr           15%        N/A       65%         5
 Fireball                 Conj/Fire      0%         3d3       99%         5
 Freezing Cloud           Conj/Ice/Air   0%         6-21      99%         5
 Iskenderun's Battlesphe  Conj           1%         2d6       99%         5
 Conjure Ball Lightning   Conj/Air       0%         3x3d6     100%        6
 Orb of Destruction       Conj           0%         9d5       100%        7


Dungeon Overview and Level Annotations

Branches:
Dungeon (3/15)

Altars:

Shops:
D:1 ?!


Message History

Casting: Necrotise (safe; 3% risk of failure)
Confirm with . or Enter, or press ? or * to list all spells.
Aiming: Necrotise (safe; 3% risk of failure)
Press: ? - help, Shift-Dir - straight line, f/p - gnoll
Aim: a gnoll, wielding a +0 flail (severely wounded, chance to affect: 79%)
The gnoll writhes in agony.
The gnoll barely misses you.
Casting: Necrotise (safe; 3% risk of failure)
Confirm with . or Enter, or press ? or * to list all spells.
Aiming: Necrotise (safe; 3% risk of failure)
Press: ? - help, Shift-Dir - straight line, f/p - gnoll
Aim: a gnoll, wielding a +0 flail (almost dead, chance to affect: 79%)
The gnoll writhes in agony.
You kill the gnoll!
The dead are walking!
Casting: Necrotise (safe; 3% risk of failure)
Confirm with . or Enter, or press ? or * to list all spells.
Aiming: Necrotise (safe; 3% risk of failure)
Press: ? - help, Shift-Dir - straight line, f - gnoll
Aim: a gnoll, wielding a +0 whip (chance to affect: 79%)
The gnoll writhes in agony.
Casting: Necrotise (safe; 3% risk of failure)
Confirm with . or Enter, or press ? or * to list all spells.
Aiming: Necrotise (safe; 3% risk of failure)
Press: ? - help, Shift-Dir - straight line, f/p - gnoll
Aim: a gnoll, wielding a +0 whip (heavily wounded, ally target, chance to affect: 79%)
The gnoll writhes in agony.
The gnoll attacks as you move away! The gnoll hits you with a +0 whip.
* * * LOW HITPOINT WARNING * * *
Your gnoll skeleton barely misses the gnoll.
Casting: Necrotise (safe; 3% risk of failure)
Confirm with . or Enter, or press ? or * to list all spells.
Aiming: Necrotise (safe; 3% risk of failure)
Press: ? - help, Shift-Dir - straight line, f/p - gnoll
Aim: a gnoll, wielding a +0 whip (severely wounded, ally target, chance to affect: 79%)
The gnoll barely resists.
The gnoll misses you.
You feel better. The gnoll hits you with a +0 whip.
* * * LOW HITPOINT WARNING * * *
Your gnoll skeleton completely misses the gnoll.
The gnoll attacks as you move away! The gnoll hits you with a +0 whip.
You die...

## #....##.# #.#
...#....##.# #.#
#.....(....# #.#
#.....^....# #.#
...###....######.###.#
#.. #....)...##.....#
(..###.........)Z#
##......#Z.##.##g#
##.......##.##@#
####Z##.##....#
#))##.####..# #.# #.#
.... Zg #.. ....# ...
###.##.## #.g #. ..
#.. # .#


You could see a gnoll (ally target) and a friendly gnoll skeleton.

Vanquished Creatures
  2 gnolls (D:3)
  An adder (D:2)
  A worm (D:2)
  An orc (D:3)
  3 ball pythons
  4 bats
  3 endoplasms (D:1)
  A giant cockroach (D:1)
  2 goblins
  6 hobgoblins
  A quokka (D:2)
  A frilled lizard (D:2)
  3 kobolds (D:1)
  5 rats
34 creatures vanquished.

Notes
Turn   | Place    | Note
-------+----------+-------------------------------------------
     0 | D:1      | Graphine the Human Necromancer began the quest for the Orb.
     0 | D:1      | Reached XP level 1. HP: 13/13 MP: 3/3
   190 | D:1      | Found Kurchyxoxt's Magic Scroll Shop.
   200 | D:1      | Reached XP level 2. HP: 19/19 MP: 3/5
   547 | D:1      | Found Duel's Distillery.
   991 | D:1      | Reached XP level 3. HP: 24/24 MP: 3/6
  1594 | D:2      | Reached skill level 1 in Staves
  1844 | D:3      | Identified the ring of Wisijoq {rPois rN++}
  1909 | D:3      | Reached skill level 1 in Evocations
  1909 | D:3      | Reached XP level 4. HP: 17/30 MP: 4/7
  1931 | D:3      | HP: 1/30 [gnoll/+0 whip (4)]
  1934 | D:3      | Slain by a gnoll

Illustrated notes

Levels and vault maps discovered:
D:1:      moated_graveyard_arrival, layout_loops_corners, serial_shops, shop,
          shop
D:2:      layout_loops_cross
D:3:      layout_loops_cross, yredelemnul_forgotten_temple_becter,
          gup_sewer_entry_bowl

Skill      XL: |  1  2  3 |
---------------+----------+-----
Staves         | 1 |  1.1
Evocations     | 1 |  1.1
Dodging        | |  2.5
Stealth        | |  2.0
Spellcasting   | |  2.3
Necromancy     | |  4.6

Action                     |  1- 3 |  4- 6 || total
---------------------------+-------+-------++-------
  Melee: Staff             |    33 |       ||    33
   Cast: Necrotise         |    53 |    13 ||    66
    Use: Scroll            |     3 |       ||     3
         Potion            |       |     2 ||     2
   Stab: Sleeping          |     3 |       ||     3
 Armour: Robe              |    10 |       ||    10
  Dodge: Dodged            |    35 |     4 ||    39
